 Dungeon Crawl Stone Soup version 0.29-a0-323-g050149af67 (webtiles) character file.

Game seed: 16864912852516684259

639 Jortsu the Ruffian (level 7, -3/67 HPs)
             Began as a Troll Fighter on Apr 12, 2022.
             Was a Priest of Lugonu.
             Slain by an orc warrior
             ... wielding a +0 long sword
              (9 damage)
             ... on level 4 of the Dungeon.
             The game lasted 00:05:31 (2919 turns).

Jortsu the Ruffian (Troll Fighter)                  Turns: 2919, Time: 00:05:32

Health: -3/67      AC:  4    Str: 25    XL:     7   Next: 26%
Magic:  6/6        EV:  9    Int:  4    God:    Lugonu [***...]
Gold:   264        SH:  8    Dex: 11    Spells: 6/6 levels left

rFire   . . .      SeeInvis .     - Unarmed
rCold   . . .      Faith    .   b - +0 kite shield
rNeg    . . .      Spirit   .   a - +0 robe
rPois   .          Reflect  .   (helmet restricted)
rElec   .          Harm     .   (no cloak)
rCorr   .          Rampage  .   (gloves unavailable)
Will    .....                   (boots unavailable)
Stlth   +.........              (no amulet)
HPRegen 1.01/turn               (no ring)
MPRegen 0.10/turn               (no ring)

@: no status effects
A: large, unfitting armour, claws 3, regeneration 1, shaggy fur 1, tough skin 1
a: Renounce Religion, Depart the Abyss, Bend Space, Banish


You were on level 4 of the Dungeon.
You worshipped Lugonu.
Lugonu was most pleased with you.
You visited 1 branch of the dungeon, and saw 5 of its levels.

You collected 264 gold pieces.

Inventory:

Armour
 a - a +0 robe (worn)
 b - a +0 kite shield (worn)
Scrolls
 g - 4 scrolls of teleportation
 h - a scroll of summoning
 j - a scroll of fog
Potions
 c - a potion of might
 d - 2 potions of haste {unknown}
 e - 4 potions of curing
 f - 3 potions of degeneration {unknown}
 i - 2 potions of cancellation {unknown}
 k - a potion of mutation {unknown}
 m - a potion of magic {unknown}


   Skills:
 + Level 3.0 Fighting
 + Level 3.8 Dodging
 + Level 0.6 Stealth
 + Level 4.0 Shields
 + Level 5.4 Unarmed Combat


You had 6 spell levels left.
You didn't know any spells.
Your spell library contained the following spells:

 Spells                   Type           Power      Damage    Failure   Level
 Static Discharge         Conj/Air       0%         N/A       89%         2
 Petrify                  Tmut/Erth      0%         N/A       100%        4
 Lightning Bolt           Conj/Air       0%         1d11      100%        5
 Storm Form               Tmut/Air       0%         N/A       100%        7


Dungeon Overview and Level Annotations

Branches:
Dungeon (5/15)             Temple (0/1) D:5

Altars:
Dithmenos
Nemelex Xobeh
Uskayaw
Lugonu


Innate Abilities, Weirdness & Mutations

You are too large for most types of armour.
You have claws for hands.
Your natural rate of healing is unusually fast.
You are covered in fur. (AC +1)
You have tough skin. (AC +1)


Message History

There is a stone staircase leading down here.
You climb downwards.
The orc warrior barely misses you. You block the orc priest's attack.
There is a stone staircase leading up here.
You block the orc's attack. You block the orc priest's attack.
You block the orc warrior's attack.
You climb upwards.
There is a stone staircase leading down here.
You claw the orc priest!
The orc priest is heavily wounded.
The orc priest hits you but does no damage.
The orc warrior hits you with a +0 long sword!
The orc closely misses you.
You scratch the orc priest but do no damage.
The orc priest is heavily wounded.
The orc warrior hits you with a +0 long sword!
You block the orc's attack. The orc priest hits you with a +0 club.
You closely miss the orc priest.
The orc priest is heavily wounded.
The orc priest barely misses you. You block the orc warrior's attack.
You block the orc's attack.
You mangle the orc priest!!
You kill the orc priest!
Lugonu accepts your kill. The orc hits you with a +0 whip.
You block the orc warrior's attack.
You closely miss the orc warrior. The orc barely misses you.
The orc warrior hits you with a +0 long sword!
* * * LOW HITPOINT WARNING * * *
You barely miss the orc warrior.
The orc warrior hits you with a +0 long sword.
* * * LOW HITPOINT WARNING * * *
The orc completely misses you.
You scratch the orc warrior but do no damage.
The orc hits you with a +0 whip.
* * * LOW HITPOINT WARNING * * *
The orc warrior hits you with a +0 long sword!
* * * LOW HITPOINT WARNING * * *
You closely miss the orc warrior. You block the orc's attack.
The orc warrior hits you with a +0 long sword!
You die...

####### ######### #......
######.......# #.#####
#....#...)...#####.#....
#....#...........#.#.###
#....#.......###.#......
#.....o@o...............
###.....†.).....##.......#
#......#...#....########.#
#...##.#♣.8#..............
#...##.#...#....##########
######.#8.8#....# #
#.#...#.#### #
#>#♣.♣#.#############
#.#...#..............


You could see an orc warrior and an orc.

Vanquished Creatures
  Eustachio (D:4)
  A centaur (D:4)
  2 scorpions (D:4)
  A hound (D:4)
  An orc priest (D:4)
  An iguana (D:4)
  2 orc wizards (D:4)
  4 gnolls (D:3)
  4 adders
  An ufetubus (D:3)
  3 worms
  2 dart slugs
  An orc (D:4)
  7 endoplasms
  5 giant cockroaches
  4 goblins
  12 hobgoblins
  3 jackals (D:1)
  9 kobolds
  6 quokkas
  9 ball pythons
  12 bats
  4 frilled lizards
  4 rats
99 creatures vanquished.

Notes
Turn   | Place    | Note
-------+----------+-------------------------------------------
     0 | D:1      | Jortsu the Troll Fighter began the quest for the Orb.
     0 | D:1      | Reached XP level 1. HP: 22/22 MP: 0/0
    57 | D:1      | Reached XP level 2. HP: 29/29 MP: 1/1
   197 | D:1      | Reached XP level 3. HP: 36/36 MP: 2/2
   923 | D:2      | Found a faded altar of an unknown god.
   944 | D:2      | Prayed at the altar of an unknown god.
   944 | D:2      | Became a worshipper of Lugonu the Unformed
   944 | D:2      | Reached * piety under Lugonu
   944 | D:2      | Reached ** piety under Lugonu
  1007 | D:2      | Reached XP level 4. HP: 33/44 MP: 3/3
  1387 | D:3      | Found a hide-covered altar of Uskayaw.
  1522 | D:3      | Reached skill level 3 in Unarmed Combat
  1772 | D:3      | Found a shadowy altar of Dithmenos.
  1781 | D:3      | Reached XP level 5. HP: 28/50 MP: 4/4
  1815 | D:3      | Found a sparkling altar of Nemelex Xobeh.
  2108 | D:4      | Got the Collected Works on the Rocks and Flight
  2143 | D:4      | Noticed a centaur
  2145 | D:4      | Noticed Eustachio
  2168 | D:4      | Killed a centaur
  2188 | D:4      | Reached skill level 4 in Unarmed Combat
  2193 | D:4      | Reached XP level 6. HP: 41/59 MP: 5/5
  2277 | D:4      | Killed Eustachio
  2392 | D:4      | Reached *** piety under Lugonu
  2468 | D:4      | Reached skill level 5 in Unarmed Combat
  2521 | D:4      | Reached XP level 7. HP: 60/67 MP: 6/6
  2870 | D:5      | Entered Level 5 of the Dungeon
  2871 | D:5      | Found a staircase to the Ecumenical Temple.
  2919 | D:4      | Slain by an orc warrior

Illustrated notes

Levels and vault maps discovered:
D:1:      beargit_arrival_greenhouse, layout_loops_ring, st_stairs_6
D:2:      minmay_wonky_spiral, layout_basic, ebering_ecumenical_altar_rust,
          minmay_pentomino_x2
D:3:      layout_basic, mainiacjoe_overflow_catwalk,
          gammafunk_temple_overflow_pools
D:4:      layout_basic, chequers_avenue, uniq_eustachio
D:5:      layout_cave_pools, temple_fountains, serial_shops, kennysheep_mini

Skill      XL: |  1  2  3  4  5  6  7 |
---------------+----------------------+-----
Dodging        | 3 |  3.8
Shields        | 3 4 |  4.0
Unarmed Combat | 3 4 5 |  5.4
Fighting       | 3 |  3.0
Stealth        | |  0.6

Action                   |  1- 3 |  4- 6 |  7- 9 || total
-------------------------+-------+-------+-------++-------
Melee: Unarmed           |   125 |   174 |    30 ||   329
  Use: Scroll            |     7 |     1 |     1 ||     9
 Stab: Sleeping          |     2 |     1 |       ||     3
Armor: Robe              |    70 |    48 |     9 ||   127
Dodge: Dodged            |    63 |    70 |     7 ||   140
Block: Kite shield       |    65 |    79 |    16 ||   160

Table legend: (Time is in decaauts)
 A = Elapsed time spent in this place.
 B = Non-inter-level travel time spent in this place.
 C = Inter-level travel time spent in this place.
 D = Time resting spent in this place.
 E = Time spent auto-exploring this place.
 F = Levels seen in this place.
 G = Mean time per level.
                   A        B        C        D        E       F      G
               +--------+--------+--------+--------+--------+-----+--------+
         Total |   2943 |   2915 |     28 |     80 |   1892 |   5 |  588.6 |
       Dungeon |   2943 |   2915 |     28 |     80 |   1892 |   5 |  588.6 |
               +--------+--------+--------+--------+--------+-----+--------+

Top non-repeatable levels by time:
     D:4: 794 daAuts
     D:3: 765 daAuts
     D:1: 725 daAuts
     D:2: 630 daAuts
     D:5: 28 daAuts
